 Dungeon Crawl Stone Soup version 0.22-a0-456-g11ed031617 (webtiles) character file.

51 RedPan the Digger (level 3, -7/19 HPs)
             Began as a Gargoyle Earth Elementalist on June 6, 2018.
             Killed from afar by Terence (9 damage)
             ... with a wand of flame (23)
             ... on level 2 of the Dungeon.
             The game lasted 00:02:16 (1702 turns).

RedPan the Digger (Gargoyle Earth Elementalist)     Turns: 1702, Time: 00:02:16

Health: -7/19      AC:  5    Str: 11    XL:     3   Next: 83%
Magic:  0/6        EV: 11    Int: 16    God:
Gold:   98         SH:  3    Dex: 10    Spells: 6/7 levels left

rFire    . . .     SeeInvis .   e - +0 whip
rCold    . . .     Gourm    .   i - +0 buckler
rNeg     + . .     Faith    .   c - +0 robe
rPois    ∞         Spirit   .   (no helmet)
rElec    +         Reflect  .   (no cloak)
rCorr    .         Harm     .   (no gloves)
MR       .....                  (no boots)
Stlth    ++........             (no amulet)
HPRegen  0.06/turn              (no ring)
MPRegen  0.10/turn              (no ring)

@: no status effects
A: negative energy resistance 1, electricity resistance, unbreathing,
petrification resistance, rot immunity, AC +3
a: no special abilities


You were on level 2 of the Dungeon.
You were not hungry.

You visited 1 branch of the dungeon, and saw 2 of its levels.

You collected 98 gold pieces.

Inventory:

Hand Weapons
 e - a +0 whip (weapon)
Missiles
 b - 28 stones (quivered)
Armour
 c - a +0 robe (worn)
 i - a +0 buckler (worn)
Scrolls
 h - a scroll of immolation {unknown}
 l - a scroll of teleportation {unknown}
 m - a scroll of enchant weapon {unknown}
 n - a scroll of magic mapping {unknown}
Potions
 a - a potion of heal wounds {unknown}
 f - 2 potions of haste {unknown}
 g - a potion of ambrosia {unknown}
 j - 2 potions of curing {unknown}
 k - a potion of agility {unknown}
Comestibles
 d - a ration


   Skills:
 - Level 1.5 Dodging
 - Level 2.1 Stealth
 + Level 1.1 Shields
 + Level 2.5 Spellcasting
   Level 0.7 Transmutations
 * Level 4.8 Earth Magic


You had 6 spell levels left.
You knew the following spells:

 Your Spells              Type           Power        Failure   Level  Hunger
a - Sandblast             Erth           ###...       3%          1    #......

Your spell library contained the following spells:

 Spells                   Type           Power        Failure   Level  Hunger
 Stone Arrow              Conj/Erth      #.....       30%         3    ###....
 Passwall                 Tmut/Erth      ##......     14%         2    ##.....
 Lee's Rapid Deconstruct  Erth           ###.......   71%         5    ######.
 Petrify                  Tmut/Erth      ##......     65%         4    #####..


Dungeon Overview and Level Annotations

Branches:
Dungeon (2/15)

Altars:
Wu Jian

Annotations:
D:2 Terence


Innate Abilities, Weirdness & Mutations

You are resistant to torment.
Your stone body is resilient. (AC +3)
You are immune to poison.
You resist negative energy. (rN+)
You are resistant to electric shocks. (rElec)
You can survive without breathing.
You are immune to petrification.
You are immune to rotting.


Message History

Terence is moderately wounded.
b - 29 stones Terence zaps a wand.
The puff of flame hits you!
It is a wand of flame (24).
Casting: Sandblast (safe; 3% risk of failure)
Confirm with . or Enter, or press ? or * to list all spells.
Aiming: Sandblast (safe; 3% risk of failure)
Press: ? - help, Shift-Dir - straight line, f/p - Terence
Aim: Terence, wielding a mace, wearing a scale mail and carrying a wand of flame (24) (moderately wounded)
The blast of sand hits Terence.
Terence is moderately wounded.
b - 28 stones Terence zaps a wand.
The puff of flame hits you!
* * * LOW HITPOINT WARNING * * *
Casting: Sandblast (safe; 3% risk of failure)
Confirm with . or Enter, or press ? or * to list all spells.
You don't have enough magic to cast that spell.
You barely miss Terence.
Terence is moderately wounded.
Terence zaps a wand.
The puff of flame hits you!
You die...

......# .#....#
##....# ##....#
###### ######
#########
.....###.......###
####.....#####...#
####.##...###@#
###....r##@#
.......#.#
..._.@...#
.......### #.....#
##...# ####


You could see Terence.

Vanquished Creatures
  2 adders (D:2)
  A worm (D:2)
  3 giant cockroaches
  A goblin (D:2)
  6 hobgoblins
  4 jackals (D:2)
  2 bats (D:1)
  3 frilled lizards (D:1)
  4 kobolds (D:1)
  3 rats
29 creatures vanquished.

Notes
Turn   | Place    | Note
-------+----------+-------------------------------------------
     0 | D:1      | RedPan the Gargoyle Earth Elementalist began the quest for the Orb.
     0 | D:1      | Reached XP level 1. HP: 10/10 MP: 3/3
   138 | D:1      | Reached skill level 4 in Earth Magic
   201 | D:1      | Reached XP level 2. HP: 13/15 MP: 3/5
  1275 | D:2      | Reached XP level 3. HP: 11/19 MP: 6/6
  1612 | D:2      | Reached skill level 1 in Shields
  1686 | D:2      | Found an ornate altar of the Wu Jian Council.
  1687 | D:2      | Noticed Terence
  1702 | D:2      | Killed from afar by Terence

Vault maps used:
D:1:      dpeg_arrival_oval, minmay_bisected
D:2:      lemuel_round_altar, uniq_terence

Skill      XL: |  1  2  3 |
---------------+----------+-----
Earth Magic    | 4 |  4.8
Shields        | 1 |  1.1
Dodging        | |  1.5
Stealth        | |  2.1
Spellcasting   | |  2.5
Transmutations | |  0.7

Action                   || total
-------------------------++-------
Melee: Whip              ||    83
       Unarmed           ||     2
 Cast: Sandblast         ||    29
  Use: Scroll            ||     1
 Stab: Sleeping          ||     2
  Eat: Chunk             ||     3
Armor: Robe              ||    33
Dodge: Dodged            ||    70
Block: Buckler           ||     6

Table legend:
 A = Spawn XP
 B = Non-spawn XP
 C = Spawn XP percentage of total XP
 D = Spawn monster count
 E = Non-spawn monster count
 F = Spawn count percentage of total count
 G = Total turns spent on level
                    A         B        C        D         E        F      G
               +---------+---------+-------+---------+---------+-------+---------
         Total |       0 |      74 |   0.0 |       0 |      29 |   0.0 |  1702
               +---------+---------+-------+---------+---------+-------+---------
           D:1 |       0 |      22 |   0.0 |       0 |      15 |   0.0 |  1110
           D:2 |       0 |      52 |   0.0 |       0 |      14 |   0.0 |   592
               +---------+---------+-------+---------+---------+-------+---------
